AoeStats
← Leão

Arabia

503151329Analyzed
1v1 RM · 1mo ago on Aug 30, 2026· 29m 22s· 2 players
Game mode
Random Map
Map size
Tiny (2 player)
Population
200
Speed
Normal
Resources
Standard
Victory
Conquest
Starting age
Dark Age
Ending age
Imperial Age
RankedLock teamsTeams togetherTeam positionsShared explorationLock speedFull tech treeHidden civsTurbo modeCheats
Victory
Defeat
🇩🇪 Ethiopians · Germany
1283
+15
🇧🇷 Magyars · Brazil
1264
-15
Leão
6:54 Loom
9:37 Feudal Age
10:21 Double-Bit Axe
13:09 Fletching
20:25 Padded Archer Armor
22:37 Castle Age
20:39 Horse Collar
22:29 Bloodlines
22:28 Scale Barding Armor
23:19 Husbandry
22:55 Elite Skirmisher
23:36 Bodkin Arrow
26:20 Leather Archer Armor
MergaTorbi
5:09 Loom
8:54 Feudal Age
11:52 Fletching
21:46 Castle Age
19:47 Double-Bit Axe
20:28 Horse Collar
21:11 Padded Archer Armor
21:48 Crossbowman
22:24 Bodkin Arrow
23:09 Bow Saw
25:43 Leather Archer Armor
Connection lost

Rejoining the realm…

Still unreachable

The connection could not be restored.

Session expired

The server has moved on; the page needs a fresh start.